AoeStats
← Sergio9108

Baltic

510454818Analyzed
4v4 RM · 2d ago on Oct 1, 2026· 19m 4s· 8 players
Game mode
Random Map
Map size
Large (8 player)
Population
200
Speed
Normal
Resources
Standard
Victory
Conquest
Starting age
Dark Age
Ending age
Imperial Age
RankedLock teamsTeams togetherTeam positionsShared explorationLock speedFull tech treeHidden civsTurbo modeCheats
Victory
Defeat
🇨🇴 Hindustanis · Colombia
1122
+16
🇦🇺 Byzantines · Australia
1120
+16
🇹🇼 Japanese · Taiwan
1114
+16
🇦🇺 Vikings · Australia
1104
+17
🇨🇱 Saracens · Chile
1235
-22
🇨🇴 Varangians · Colombia
1099
-15
🇦🇷 Saracens · Argentina
1084
-15
🇨🇱 Khmer · Chile
1053
-13
一杯冰美式
0:39 Loom
12:10 Feudal Age
12:54 Double-Bit Axe
13:00 Town Watch
18:16 Castle Age
16:11 Gold Mining
16:25 Fishing Lines
18:14 Stone Mining
Sergio9108
4:08 Loom
10:03 Feudal Age
10:43 Town Watch
11:38 Double-Bit Axe
19:04 Castle Age
17:59 Fletching
StandingTall
1:55 Loom
11:35 Feudal Age
12:30 Horse Collar
18:53 Castle Age
17:01 Double-Bit Axe
17:48 Stone Mining
ImpactMak50
11:50 Feudal Age
12:18 Double-Bit Axe
12:20 Horse Collar
12:53 Loom
18:45 Castle Age
16:57 Gold Mining
17:46 Fletching
17:47 Fishing Lines
Arthedain
11:47 Feudal Age
10:05 Loom
12:28 Double-Bit Axe
Arkh
11:12 Feudal Age
11:48 Double-Bit Axe
TheDuff_KøK
10:47 Feudal Age
14:20 Castle Age
12:14 Horse Collar
12:44 Double-Bit Axe
15:06 Wheelbarrow
16:50 Heavy Plow
milo
1:29 Loom
14:17 Feudal Age
17:07 Double-Bit Axe
Connection lost

Rejoining the realm…

Still unreachable

The connection could not be restored.

Session expired

The server has moved on; the page needs a fresh start.